 Dungeon Crawl Stone Soup version 0.16-a0-3197-g5046a99 (webtiles) character file.

427 Chiseanne the Ducker (level 6, -4/52 HPs)
             Began as a Merfolk Monk on Dec 18, 2014.
             Slain by an ogre
             ... wielding a +0 giant club
              (25 damage)
             ... on level 4 of the Dungeon.
             The game lasted 00:11:53 (5050 turns).

Chiseanne the Ducker (Merfolk Monk)                 Turns: 5050, Time: 00:11:53

Health: -4/52      AC:  8    Str: 12    XL:     6   Next: 97%
Magic:  6/6        EV: 15    Int: 10    God:
Gold:   178        SH:  0    Dex: 17    Spells: 0 memorised, 5 levels left

rFire  . . .     SeeInvis .     o - +4 quarterstaff (chaos)
rCold  . . .     Clarity  .     c - +0 ring mail
rNeg   . . .     SustAb   .     (no shield)
rPois  .         Gourm    +     (no helmet)
rElec  .         Spirit   .     p - +0 cloak
rCorr  .         Warding  .     (no gloves)
rMut   .         Stasis   .     (no boots)
MR     .....                    a - amulet of the gourmand
Stlth  ++........               (no ring)
                                n - ring of wizardry

@: not resistant to hostile enchantments, unstealthy
A: change form in water, swift swim, slimy green scales 1, blink 1, spit poison
1, evolution 1
a: Spit Poison, Blink


You were on level 4 of the Dungeon.
You were not hungry.

You visited 1 branch of the dungeon, and saw 4 of its levels.

You collected 178 gold pieces.

Inventory:

Hand weapons
 o - a +4 quarterstaff of chaos (weapon)
Missiles
 i - 25 poisoned needles
 j - 11 arrows of frost
 k - a throwing net (quivered)
 q - 7 needles of paralysis
Armour
 c - a +0 ring mail (worn)
 p - a +0 cloak (worn)
Jewellery
 a - an amulet of the gourmand (around neck)
 g - an uncursed amulet of clarity
 n - a ring of wizardry (left hand)
Scrolls
 e - 2 scrolls of teleportation
 h - a scroll of remove curse
 m - 3 scrolls of identify
Potions
 d - a potion of curing
Comestibles
 b - 4 bread rations
 f - 2 meat rations
 l - a slice of pizza


   Skills:
 * Level 5.6 Fighting
 * Level 2.1 Armour
 * Level 7.1 Dodging
 - Level 2.1 Stealth
 - Level 4.3 Unarmed Combat


You had 5 spell levels left.
You didn't know any spells.

Dungeon Overview and Level Annotations

Branches:
Dungeon (4/15)
 Temple: D:4-7

Altars:


Innate Abilities, Weirdness & Mutations

You revert to your normal form in water.
You are very nimble and swift while swimming.
You are partially covered in slimy green scales (AC +2).
You can translocate small distances at will.
You can spit poison.
You evolve.


Message History

Key pressed, stopping explore.
Key pressed, stopping explore.
Key pressed, stopping explore.
Key pressed, stopping explore.
Key pressed, stopping explore.
An ogre comes into view. It is wielding a giant club.
An ogre is nearby!
An ogre is nearby!
An ogre is nearby!
The ogre shouts!
The ogre closely misses you.
You hit the ogre.
The ogre flickers and vanishes!
Deactivating autopickup; reactivate with Ctrl-A.
Something hits you!!
Ouch! That really hurt!
You closely miss something. Something hits you but does no damage.
You hit something. Something hits you.
You hit something. You burn something. Something barely misses you.
You hit something. Something hits you!!
You die...

# #.###........#
####.# #....#####
....## ##..##
.##.## #...#
.##..###...# ##
.###.##....#####.#
.###.............#
...#.......####.##
##.......#.# ##@#
##........# #{#
#........# #.#
##........### #.#
#............##.##
....>....###..#.
###........<.### #
##........##
####.......##


There were no monsters in sight!

Vanquished Creatures
  2 scorpions (D:4)
  A gnoll shaman (D:3)
  Crazy Yiuf (D:3)
  A worker ant (D:4)
  Jessica (D:3)
  7 gnolls
  5 adders
  A giant mite (D:1)
  2 worms (D:3)
  An ooze (D:3)
  9 orcs
  2 giant cockroaches
  7 hobgoblins
  7 jackals
  12 kobolds
  3 quokkas
  A ball python (D:3)
  11 bats
  2 giant newts
  15 goblins
  4 rats
  2 fungi (D:3)
97 creatures vanquished.

Notes
Turn   | Place    | Note
--------------------------------------------------------------
     0 | D:1      | Chiseanne, the Merfolk Monk, began the quest for the Orb.
     0 | D:1      | Reached XP level 1. HP: 18/18 MP: 1/1
   278 | D:1      | Reached XP level 2. HP: 18/24 MP: 2/2
   679 | D:1      | Reached XP level 3. HP: 30/30 MP: 3/3
   941 | D:2      | Reached skill level 5 in Dodging
  1390 | D:2      | Reached XP level 4. HP: 15/38 MP: 4/4
  2222 | D:3      | Gained mutation: You are partially covered in slimy green scales (AC +2). [potion of mutation]
  2222 | D:3      | Gained mutation: You can translocate small distances at will. [potion of mutation]
  2222 | D:3      | Gained mutation: You evolve. [potion of mutation]
  2754 | D:3      | Noticed Jessica
  2755 | D:3      | Reached XP level 5. HP: 40/43 MP: 5/5
  2761 | D:3      | Killed Jessica
  2799 | D:3      | Reached skill level 6 in Dodging
  3131 | D:3      | Reached skill level 5 in Fighting
  3207 | D:3      | Reached skill level 1 in Armour
  3305 | D:3      | Gained mutation: You can spit poison. [evolution]
  3310 | D:3      | Reached XP level 6. HP: 25/51 MP: 6/6
  4068 | D:3      | Noticed Crazy Yiuf
  4077 | D:3      | Killed Crazy Yiuf
  4837 | D:4      | Reached skill level 7 in Dodging
  5041 | D:4      | Noticed an ogre
  5050 | D:4      | Slain by an ogre

Action                   |  1- 3 |  4- 6 || total
-------------------------+-------+-------++-------
Melee: Unarmed           |   113 |   240 ||   353
       Quarterstaff      |       |    42 ||    42
Throw: Throwing net      |       |     1 ||     1
 Abil: Spit Poison       |       |     1 ||     1
  Use: Scroll            |     5 |     3 ||     8
       Potion            |     2 |     2 ||     4
 Stab: Sleeping          |     3 |     1 ||     4
  Eat: Chunk             |       |    16 ||    16
       Bread ration      |       |     1 ||     1
